 Dungeon Crawl Stone Soup version 0.27.1-33-g824d729ab1 (webtiles) character file.

Game seed: 10290653992600999644

121 lobsquizzle the Cudgeller (level 4, -11/45 HPs)
             Began as a Troll Berserker on Dec 23, 2021.
             Was a Believer of Trog.
             Mangled by Sigmund (15 damage)
             ... on level 3 of the Dungeon on Dec 24, 2021.
             The game lasted 00:28:43 (1597 turns).

lobsquizzle the Cudgeller (Troll Berserker)         Turns: 1597, Time: 00:28:43

Health: -11/45     AC:  5    Str: 26    XL:     4   Next: 76%
Magic:  3/3        EV: 10    Int:  3    God:    Trog [**....]
Gold:   92         SH:  5    Dex:  9    Spells: 3/3 levels left

rFire    . . .     SeeInvis .   a - +0 mace
rCold    . . .     Faith    .   (no shield)
rNeg     . . .     Spirit   .   b - +0 animal skin
rPois    .         Reflect  +   (helmet restricted)
rElec    .         Harm     .   s - +0 cloak
rCorr    .         Rampage  .   (gloves unavailable)
Will     ++...                  (boots unavailable)
Stlth    +.........             j - amulet of reflection
HPRegen  2.15/turn              (no ring)
MPRegen  0.08/turn              (no ring)

@: lethally poisoned (-11 -> -13), strong-willed, regenerating
A: large, unfitting armour, claws 3, regeneration 1, shaggy fur 1, tough skin 1
a: Renounce Religion, Berserk, Trog's Hand


You were on level 3 of the Dungeon.
You worshipped Trog.
Trog was pleased with you.
You visited 1 branch of the dungeon, and saw 3 of its levels.

You collected 92 gold pieces.

Inventory:

Hand Weapons
 a - a +0 mace (weapon)
 c - a +0 club
 i - a +0 dagger
 l - a +0 dagger
 m - a +0 club
 r - a +0 whip
 u - a +0 dagger
 v - a +0 club
 w - a +0 club
 x - a +0 dagger
 y - a +0 dagger
 z - a +0 whip
 C - a +0 club
 D - a +0 club
 E - a +0 dagger
 F - a +0 dagger
 G - a +0 flail
 H - a +0 short sword
 K - a +0 trident
Missiles
 d - 62 stones
 e - 61 arrows
 k - 6 large rocks
 p - 11 poisoned darts
Armour
 b - a +0 animal skin (worn)
 f - a +0 ring mail
 g - a +0 scale mail
 h - a +0 leather armour
 n - a +0 barding
 s - a +0 cloak (worn)
 t - a +0 pair of gloves
 A - a +0 animal skin
 B - a +0 helmet
 I - a +0 leather armour
 J - a +0 leather armour
 L - a +0 chain mail
Jewellery
 j - an amulet of reflection (around neck)
Scrolls
 o - a scroll of fear {unknown}
 q - 2 scrolls of identify {unknown}


   Skills:
 + Level 3.1 Fighting
 + Level 3.7 Maces & Flails
 + Level 3.2 Dodging
 + Level 0.3 Stealth


You had 3 spell levels left.
You didn't know any spells.
Your spell library was empty.

Dungeon Overview and Level Annotations

Branches:
Dungeon (3/15)

Altars:
Zin

Annotations:
D:3 Jessica, Sigmund


Innate Abilities, Weirdness & Mutations

You are too large for most types of armour.
You have claws for hands.
Your natural rate of healing is unusually fast.
You are covered in fur. (AC +1)
You have tough skin. (AC +1)


Message History

You see here a scroll labelled WEKIABB SOMOA.
You barely miss the quokka. The quokka bites you. You block Sigmund's attack.
The quokka barely misses you.
You closely miss the quokka.
The quokka bites you but does no damage.
Jessica the Apprentice Sorceress comes into view.
She is wielding a +0 club.
Sigmund gestures at you while chanting. You resist with some effort.
You hit the quokka.
The quokka is heavily wounded.
The quokka barely misses you.
Sigmund hits you from afar with a +2 scythe of venom!
You are poisoned.
The quokka bites you.
You hit the quokka.
The quokka is almost dead.
You feel very sick.
The quokka bites you but does no damage.
Sigmund hits you from afar with a +2 scythe of venom!
You are lethally poisoned!
Non-targeted abil: Trog's Hand
Press: ? - help, Q - select action, (/) - cycle Dir - look around, f - activate Your skin crawls.
You feel strong-willed.
* * * LOW HITPOINT WARNING * * *
You feel extremely sick. The quokka barely misses you.
a - a +0 mace (weapon)
* * * LOW HITPOINT WARNING * * *
You feel very sick. The quokka barely misses you. You block Sigmund's attack.
You sock the quokka!
You kill the quokka!
Trog accepts your kill.
* * * LOW HITPOINT WARNING * * *
You feel very sick.
* * * LOW HITPOINT WARNING * * *
You feel very sick.
Sigmund hits you with a +2 scythe of venom!
You die...

....#.#.####........
###..#.#.####.....####
.....#................
###..#...............
###.......>####.....##..
...........####..$..##..
................?.......
..#.#......####..†......
..#.#...........@.@.....
.................@...#.#
..##.#.#....##.##.......
..##.#.#....##.# ..#.#.#
.....#.#....##. .......
.....#.#.##.##. ..#.#.#
.....# ....... ####.#
......


You could see Sigmund and Jessica.

Vanquished Creatures
  Natasha (twice) (D:2)
  Robin (D:2)
  An adder (D:2)
  4 orcs (D:3)
  5 ball pythons
  4 bats
  An endoplasm (D:2)
  2 giant cockroaches
  9 goblins (D:2)
  5 hobgoblins
  4 quokkas
  2 frilled lizards
  4 kobolds
  4 rats (D:1)
48 creatures vanquished.

Notes
Turn   | Place    | Note
-------+----------+-------------------------------------------
     0 | D:1      | lobsquizzle the Troll Berserker began the quest for the
                  | Orb.
     0 | D:1      | Reached XP level 1. HP: 22/22 MP: 0/0
    45 | D:1      | Found a faded altar of an unknown god.
   194 | D:1      | Reached XP level 2. HP: 29/29 MP: 1/1
   924 | D:2      | Found a glowing silver altar of Zin.
   970 | D:2      | Noticed Natasha
   975 | D:2      | Killed Natasha
   976 | D:2      | Reached XP level 3. HP: 36/36 MP: 2/2
  1034 | D:2      | Reached ** piety under Trog
  1313 | D:2      | Noticed Natasha
  1326 | D:2      | Killed Natasha
  1327 | D:2      | Reached XP level 4. HP: 45/45 MP: 3/3
  1338 | D:2      | Noticed Robin
  1357 | D:2      | Killed Robin
  1586 | D:3      | Noticed Sigmund
  1591 | D:3      | Noticed Jessica
  1597 | D:3      | Mangled by Sigmund

Illustrated notes

Levels and vault maps discovered:
D:1:      mrwooster_arrival_arrow, layout_basic, basic_ecumenical_altar
D:2:      layout_loops_cross, basic_altar, kennysheep_potato, uniq_natasha,
          uniq_robin
D:3:      layout_basic, uniq_jessica, uniq_sigmund

Skill      XL: |  1  2  3 |
---------------+----------+-----
Maces & Flails | 3 |  3.7
Fighting       | 3 |  3.1
Dodging        | 3 |  3.2
Stealth        | |  0.3

Action                   |  1- 3 |  4- 6 || total
-------------------------+-------+-------++-------
Melee: Mace              |    98 |    40 ||   138
       Flail             |       |     4 ||     4
Invok: Berserk           |     3 |     2 ||     5
       Trog's Hand       |       |     1 ||     1
  Use: Potion            |     2 |       ||     2
 Stab: Sleeping          |     1 |       ||     1
Armor: Animal skin       |    44 |    19 ||    63
       Skin              |    13 |       ||    13
Dodge: Dodged            |    61 |    18 ||    79
Block: Other             |     3 |    13 ||    16
